Map: Ruines de Seras

Players

Naffy - Winner!

  • Race: Terran Terran
  • League: Master

GoOdin

  • Race: Protoss Protoss
  • League: Master

VOD

Have the link to the VOD?

Description

Time

  • Played on: Dec. 6, 2015, 4:32 a.m.
  • Length: 21:35
Show
View Real Time Build Order
Export as new Build Order

Naffy Terran - Winner!

Build Orders: Reaper Expand, MMM Bio 

Get SALT Encoding   

  12  0:00  SCV  
  13  0:13  SCV  
  14  0:18  Supply Depot  
  14  0:25  SCV  
  15  0:39  SCV  
  15  0:40  Barracks  
  16  0:45  Refinery  
  16  0:51  SCV  
  17  1:03  SCV  
  18  1:15  SCV  
  19  1:28  Orbital Command  
  19  1:29  Reaper  
  20  1:44  Command Center  
  20  1:54  Supply Depot  
  20  1:55  SCV  
  20  2:01  Barracks Reactor  
  21  2:07  SCV  
  22  2:19  SCV  
  23  2:26  Command Center  
  23  2:33  SCV  
  24  2:37  Factory  
  24  2:39  Marine  
  24  2:42  Marine  
  26  2:47  SCV  
  27  2:51  Refinery  
  27  2:58  Orbital Command  
  27  3:01  SCV  
  27  3:03  Marine  
  29  3:07  Marine  
  30  3:13  SCV  
  31  3:20  Marine, Orbital Command  
  31  3:24  Factory Tech Lab  
  31  3:25  Marine  
  31  3:26  Barracks  
  32  3:29  SCV  
  33  3:39  Orbital Command  
  33  3:46  Cyclone  
  33  3:47  SCV  
  37  3:49  SCV  
  37  3:53  Marine  
  37  3:54  Marine  
  40  4:01  SCV  
  40  4:02  SCV  
  42  4:07  SCV  
  43  4:13  Barracks Tech Lab  
  43  4:14  SCV  
  43  4:15  Barracks, Marine x2  
  46  4:17  SCV  
  45  4:26  SCV  
  45  4:27  SCV  
  45  4:29  Cyclone  
  50  4:37  Stimpack, Marine  
  51  4:44  SCV x2  
  53  4:46  Marine x2  
  53  4:49  Refinery  
  53  4:51  Refinery  
  53  4:52  Supply Depot, Engineering Bay  
  55  4:55  SCV  
  55  4:56  SCV x2  
  58  5:07  SCV  
  58  5:08  SCV x2  
  58  5:10  Starport  
  58  5:11  Factory Reactor  
  61  5:14  Marine x3  
  61  5:15  Marine  
  61  5:18  Terran Infantry Weapons Level 1  
  61  5:19  SCV  
  66  5:21  Supply Depot  
  66  5:26  Supply Depot  
  66  5:28  SCV  
  67  5:29  SCV  
  67  5:34  Combat Shields  
  68  5:40  SCV  
  69  5:43  SCV  
  69  5:44  Orbital Command  
  69  5:46  Marauder x2, Marine x2  
  69  5:48  Supply Depot  
  77  5:50  Supply Depot  
  77  5:57  Factory Reactor  
  76  5:59  Medivac x2  
  80  6:05  SCV x2  
  80  6:10  Marauder x2, Marine x2  
  88  6:12  Supply Depot  
  88  6:13  Supply Depot  
  88  6:18  SCV  
  88  6:19  SCV x2  
  91  6:29  Medivac x2  
  91  6:32  SCV x3  
  98  6:36  Supply Depot, Refinery x2  
  98  6:38  Concussive Shells  
  98  6:44  Marauder x2, Marine x2  
  98  6:46  Liberator  
  98  6:47  Starport, Liberator  
  104  6:48  SCV x3, Factory Reactor  
  107  6:54  Supply Depot  
  107  6:59  Supply Depot  
  107  7:05  SCV  
  107  7:06  SCV x2  
  116  7:09  Marauder  
  116  7:10  Marine x2, Marauder  
  122  7:22  SCV x3  
  125  7:27  Widow Mine  
  125  7:28  Barracks, Widow Mine  
  129  7:30  Supply Depot, Barracks  
  129  7:31  Supply Depot, Terran Infantry Armor Level 1  
  129  7:36  SCV x3  
  132  7:37  Liberator x2  
  132  7:53  Medivac  
  132  7:54  Medivac  
  132  7:55  SCV x3  
  145  8:00  Armory  
  145  8:01  Supply Depot, Engineering Bay  
  145  8:02  Supply Depot  
  134  8:20  Liberator  
  118  8:30  SCV x2  
  118  8:34  Marauder, Marine x2  
  109  8:35  Barracks Reactor, Barracks Tech Lab, Marauder  
  109  8:37  Medivac  
  119  8:42  Command Center  
  119  8:48  Barracks  
  119  8:49  Command Center, Barracks  
  119  8:50  Barracks  
  119  8:52  Supply Depot, Widow Mine x2  
  123  8:57  Liberator  
  123  8:59  Missile Turret  
  123  9:01  Missile Turret  
  123  9:02  Missile Turret, Liberator  
  123  9:09  Marauder, Marine x4  
  129  9:12  Marine x2  
  129  9:14  Medivac  
  136  9:17  Medivac  
  141  9:27  Marauder, Widow Mine x2  
  141  9:28  Terran Infantry Weapons Level 2, Terran Infantry Armor Level 2  
  141  9:29  Terran Ship Weapons Level 1  
  147  9:31  Liberator  
  147  9:33  Marine x3  
  147  9:34  Marine x2  
  152  9:48  Medivac  
  152  9:50  Barracks Tech Lab x2  
  152  9:51  Barracks Tech Lab, Marine x2  
  152  9:52  Marine x4  
  163  9:53  Marine  
  164  10:02  Planetary Fortress  
  164  10:03  Missile Turret, Liberator  
  164  10:09  Marine  
  164  10:10  Marauder x2  
  169  10:16  Marauder, Marine x3  
  169  10:17  Marauder x2  
  169  10:19  Medivac  
  183  10:22  Refinery, Missile Turret  
  183  10:24  Marine  
  183  10:25  Refinery, Missile Turret x2  
  183  10:27  Marine  
  184  10:31  Marine  
  184  10:33  Planetary Fortress  
  185  10:41  Sensor Tower  
  185  10:47  Marauder x2, Marine x3  
  185  10:48  Marauder  
  194  10:55  Marine  
  194  10:56  Marauder, Ghost Academy, Marine  
  198  11:09  Liberator x2  
  181  11:25  Marauder x2, Marine x3  
  181  11:26  Medivac x2, Marauder  
  185  11:44  Marine x4  
  185  11:45  Marauder x3  
  185  11:46  Marine  
  185  11:47  Marauder x2  
  186  12:02  Marine x4  
  186  12:04  Liberator x2  
  186  12:05  Marauder  
  186  12:06  Marauder x3  
  179  12:21  Medivac x2  
  179  12:22  Terran Ship Weapons Level 2, Terran Infantry Weapons Level 3  
  177  12:23  Terran Infantry Armor Level 3, Ghost  
  168  12:31  Widow Mine x2  
  172  12:41  Liberator  
  173  12:44  SCV x5  
  173  12:49  Ghost  
  173  12:50  Command Center, Ghost x2  
  183  12:58  Sensor Tower, Medivac  
  188  13:05  Marine  
  188  13:06  Marauder x3, Marine x3  
  198  13:19  Marauder  
  200  13:32  Command Center  
  200  13:33  Command Center  
  200  13:34  Personal Cloaking  
  200  13:35  Command Center  
  200  13:37  Liberator x2  
  179  13:54  Medivac x2  
  189  13:56  Ghost  
  189  13:57  Ghost, Missile Turret  
  193  14:07  Marauder x2, Marine x3  
  200  14:37  Viking x2  
  188  15:00  Nuke  
  188  15:02  Liberator  
  188  15:03  Marine  
  188  15:04  Marauder  
  188  15:05  Marauder, Marine x3  
  188  15:06  Marauder x2  
  176  15:15  Marine  
  176  15:16  Marauder  
  176  15:19  Medivac  
  176  15:20  Viking, Medivac  
  147  15:21  Marine  
  147  15:22  Marine  
  147  15:23  Marine x2  
  147  15:25  Marauder  
  147  15:27  Marauder x3  
  135  15:29  SCV x2  
  135  15:33  Marine  
  129  15:36  Ghost  
  129  15:39  Marine  
  124  15:47  Ghost, Marauder  
  124  15:48  Planetary Fortress  
  124  15:49  Viking, Medivac  
  130  15:52  Missile Turret  
  132  15:59  Orbital Command  
  132  16:01  Planetary Fortress  
  132  16:08  Planetary Fortress  
  132  16:10  Liberator  
  132  16:20  Ghost  
  132  16:21  Ghost  
  136  16:27  Viking, Medivac  
  143  16:40  Ghost x2, Marine x3  
  143  16:41  Marauder  
  143  16:42  Liberator  
  151  16:59  Medivac  
  151  17:00  Viking  
  158  17:02  Ghost  
  160  17:10  Medivac  
  160  17:12  Liberator  
  162  17:17  Marine  
  162  17:18  Marauder x2, Marine x3  
  162  17:19  Marine, Marauder x2  
  175  17:29  Viking  
  169  17:31  Marine  
  174  17:37  Marauder  
  174  17:40  Marauder, Marine x2  
  174  17:41  Marauder  
  174  18:06  SCV x3  
  174  18:07  SCV x4  
  181  18:14  Refinery  
  181  18:15  Refinery  
  181  18:18  SCV  
  182  18:28  Marine  
  182  18:29  Marauder x3, Marine x2  
  182  18:30  Marine  
  182  18:31  Refinery, Marine  
  182  18:33  Refinery  
  193  18:43  Sensor Tower  
  193  18:48  Marauder, Marine x3  
  197  18:49  Marauder  
  197  18:53  Refinery  
  196  19:21  Marauder, Marine x2  
  198  19:28  Missile Turret  
  198  19:30  Missile Turret  
  194  19:40  Viking x3  
  188  20:21  Marine x3  
  188  20:22  Marauder x4, Marine  
  193  21:09  Marauder, Marine  
  191  21:15  Marine x2  
  191  21:16  Marine  
Show
View Real Time Build Order
Export as new Build Order

GoOdin Protoss 

Build Orders: Oracle Opening 

Get SALT Encoding   

  12  0:01  Probe (Chrono Boost)  
  13  0:12  Probe (Chrono Boost)  
  14  0:19  Pylon  
  14  0:22  Probe (Chrono Boost)  
  15  0:37  Probe (Chrono Boost)  
  15  0:39  Gateway  
  16  0:48  Probe (Chrono Boost)  
  17  0:51  Assimilator  
  17  0:56  Assimilator  
  17  0:58  Probe (Chrono Boost)  
  18  1:05  Pylon  
  18  1:09  Probe (Chrono Boost)  
  19  1:19  Probe (Chrono Boost)  
  20  1:28  Cybernetics Core  
  20  1:30  Probe (Chrono Boost)  
  21  1:40  Probe (Chrono Boost)  
  22  1:51  Probe (Chrono Boost)  
  23  2:02  Probe (Chrono Boost)  
  23  2:06  Nexus  
  24  2:13  Adept (Chrono Boost)  
  26  2:15  Probe  
  27  2:25  Stargate  
  27  2:28  Probe  
  28  2:36  Pylon  
  28  2:41  Probe  
  29  2:46  Stalker (Chrono Boost)  
  31  2:54  Mothership Core  
  33  3:01  Warp Gate (Chrono Boost)  
  33  3:10  Oracle (Chrono Boost)  
  36  3:15  Probe  
  36  3:17  Probe  
  38  3:27  Probe x2  
  40  3:38  Probe  
  40  3:40  Probe  
  42  3:41  Robotics Facility  
  42  3:43  Forge  
  42  3:48  Probe  
  42  3:52  Probe  
  42  3:55  Pylon  
  44  3:59  Probe  
  44  4:00  Stalker  
  47  4:04  Probe  
  47  4:09  Probe  
  48  4:11  Pylon  
  48  4:12  Phoenix  
  51  4:20  Probe x2  
  53  4:30  Probe, Observer  
  54  4:33  Probe  
  54  4:37  Phoenix  
  58  4:41  Probe  
  59  4:47  Nexus  
  59  4:48  Pylon  
  59  4:49  Probe  
  59  4:51  Probe  
  60  4:53  Assimilator  
  60  4:56  Assimilator  
  61  5:03  Protoss Ground Armor Level 1 (Chrono Boost)  
  61  5:08  Phoenix  
  61  5:10  Probe x2, Photon Cannon  
  65  5:17  Gateway  
  65  5:24  Gateway  
  65  5:26  Gateway  
  65  5:30  Adept  
  65  5:32  Pylon  
  67  5:36  Probe x2  
  67  5:42  Twilight Council  
  69  5:44  Phoenix  
  71  5:50  Probe x2  
  71  5:54  Pylon  
  73  5:58  Observer  
  73  5:59  Probe  
  73  6:02  Probe x2  
  77  6:09  Phoenix  
  77  6:10  Probe  
  79  6:14  Probe  
  79  6:15  Probe  
  82  6:20  Probe  
  82  6:23  Templar Archives, Pylon  
  82  6:25  Blink (Chrono Boost)  
  83  6:26  Probe  
  83  6:27  Probe  
  83  6:30  Assimilator  
  83  6:31  Probe  
  85  6:33  Assimilator  
  85  6:39  Probe x2  
  88  6:41  Probe, Adept  
  88  6:42  Adept  
  88  6:43  Stalker  
  88  6:47  Stalker, Psionic Storm  
  97  6:51  Probe x2  
  97  6:52  Probe  
  100  7:03  Probe x3, Photon Cannon  
  100  7:05  Pylon  
  103  7:08  High Templar  
  103  7:10  Adept x2  
  103  7:11  Adept  
  103  7:14  Pylon  
  111  7:16  Pylon  
  111  7:20  Phoenix  
  111  7:22  Observer  
  114  7:25  Probe  
  114  7:26  Probe x2  
  114  7:29  Pylon  
  117  7:35  Gateway  
  117  7:37  Gateway, High Templar  
  117  7:39  High Templar  
  117  7:40  Gateway  
  121  7:52  Stalker, Adept  
  125  8:03  Photon Cannon  
  116  8:23  Archon  
  116  8:24  Charge (Chrono Boost)  
  100  8:28  Adept  
  98  8:35  High Templar  
  98  8:36  Zealot, High Templar  
  98  8:38  Probe x3  
  107  8:47  High Templar  
  109  8:49  Stalker x2, Nexus  
  109  8:53  Gateway  
  113  8:55  Gateway  
  113  8:58  Pylon  
  113  8:59  Gateway  
  113  9:01  Gateway  
  113  9:02  Void Ray, Photon Cannon  
  117  9:04  Photon Cannon  
  117  9:05  Fleet Beacon  
  117  9:06  Pylon  
  117  9:07  Stalker x2  
  121  9:10  Stalker  
  121  9:11  Stalker, Protoss Ground Weapons Level 1  
  121  9:12  Photon Cannon  
  121  9:14  Photon Cannon  
  125  9:17  Assimilator  
  125  9:21  Stalker x2  
  125  9:22  Stalker, Assimilator  
  131  9:28  Forge  
  131  9:49  Tempest (Chrono Boost)  
  136  9:53  Observer  
  136  9:54  Zealot  
  136  9:55  Zealot x6  
  136  9:56  Zealot  
  152  10:13  Pylon  
  152  10:17  Stalker x3  
  152  10:18  Stalker  
  160  10:22  Zealot x2  
  160  10:25  Protoss Air Weapons Level 1  
  160  10:27  Tempest (Chrono Boost)  
  168  10:34  High Templar x2  
  172  10:37  Stalker  
  172  10:40  Stalker x2  
  178  10:45  Stalker  
  179  11:13  Tempest (Chrono Boost)  
  149  11:29  Stalker x6  
  149  11:30  Zealot x4  
  147  11:55  Stalker x4  
  147  11:57  Zealot  
  155  12:18  Protoss Ground Armor Level 2  
  148  12:29  Nexus  
  144  12:30  Pylon  
  144  12:33  Pylon  
  144  12:34  Pylon x2  
  144  12:36  Pylon  
  144  12:37  Pylon  
  144  12:39  Pylon  
  144  12:41  Assimilator  
  144  12:44  Pylon  
  144  12:45  Pylon, Assimilator  
  144  12:48  Probe x3  
  144  12:50  Photon Cannon  
  147  12:51  High Templar x3  
  147  12:52  Photon Cannon, High Templar x4  
  147  12:54  Zealot x4  
  147  12:56  Archon x2  
  147  12:57  Archon  
  169  13:12  Tempest (Chrono Boost)  
  173  13:20  Pylon  
  172  13:52  High Templar x4  
  172  13:53  High Templar  
  172  13:54  Zealot x2  
  172  13:55  Zealot x3  
  191  14:16  High Templar x2  
  191  14:17  Zealot x2  
  199  14:24  Protoss Air Weapons Level 2  
  199  14:26  Photon Cannon x2  
  199  14:29  Photon Cannon  
  199  14:30  Photon Cannon  
  199  14:36  Archon  
  199  14:42  Nexus  
  199  14:43  Pylon  
  199  14:45  Pylon  
  194  14:57  Zealot x4  
  180  15:19  Archon  
  86  15:41  Tempest (Chrono Boost)  
  86  15:42  High Templar x5  
  88  15:43  High Templar x4  
  94  16:03  Forge  
  94  16:04  Forge  
  94  16:08  Archon  
  94  16:09  Archon x2  
  94  16:11  Pylon  
  94  16:15  Stalker x3  
  94  16:16  Stalker x2, Zealot  
  94  16:17  Zealot x3  
  111  16:25  Assimilator  
  111  16:28  Tempest (Chrono Boost)  
  111  16:30  Assimilator  
  115  16:35  Protoss Ground Weapons Level 2 (Chrono Boost)  
  115  16:37  Protoss Ground Armor Level 3 (Chrono Boost)  
  115  16:41  Protoss Air Armor Level 1  
  115  16:45  Zealot x5  
  115  16:46  Pylon  
  117  17:01  Pylon  
  117  17:04  Dark Shrine  
  117  17:07  Stalker x3  
  123  17:31  Zealot, High Templar x3  
  123  17:32  Zealot x3  
  136  17:38  Zealot  
  136  17:39  Zealot  
  134  17:53  Archon  
  124  18:06  Stalker x3  
  124  18:07  Stalker, Zealot x3  
  124  18:08  High Templar  
  124  18:09  High Templar  
  142  18:42  Stalker  
  142  18:46  High Templar  
  142  18:47  High Templar  
  148  18:57  Protoss Ground Weapons Level 3 (Chrono Boost)  
  148  19:01  Nexus  
  148  19:05  Dark Templar  
  147  19:17  Pylon  
  145  19:44  Photon Cannon  
  134  20:00  Pylon  
  111  20:22  Stalker x3  
  111  20:23  Zealot x6  
  111  20:24  Zealot x2  
  124  21:15  High Templar  
  124  21:16  Zealot x4, High Templar x2  
  124  21:17  Zealot x2  
  126  21:30  Archon x2  
Tags
 
Add a new tag
Caveats
  • Supply blocks, unpowered buildings, or Contaminate may cause inaccurate times.
  • Supply counts are checked every 10 seconds.